 Dungeon Crawl Stone Soup version 0.28-a0-577-gb193047a1f (webtiles) character file.

Game seed: 15990006161687166003

1502 BR41ND34D the Ruffian (level 8, -2/79 (80) HPs)
             Began as a Troll Fighter on Oct 2, 2021.
             Was a Priest of Uskayaw.
             Slain by a skeletal warrior (5 damage)
             ... led by a skeletal warrior
             ... on level 6 of the Dungeon.
             The game lasted 00:16:11 (3522 turns).

BR41ND34D the Ruffian (Troll Fighter)               Turns: 3522, Time: 00:16:11

HP:   -2/79 (80)    AC:  4    Str: 26    XL:     8   Next: 52%
MP:   6/8           EV:  9    Int:  4    God:    Uskayaw [***...]
Gold: 246           SH:  8    Dex: 10    Spells: 7/7 levels left

rFire   . . .      SeeInvis .     - Unarmed
rCold   . . .      Faith    .   l - +0 kite shield
rNeg    . . .      Spirit   .   a - +0 robe
rPois   .          Reflect  .   (helmet restricted)
rElec   .          Harm     .   (no cloak)
rCorr   .          Rampage  .   (gloves unavailable)
Will    +....                   (boots unavailable)
Stlth   +.........              h - amulet of magic regeneration
HPRegen 1.23/turn               r - +4 ring of slaying
MPRegen 0.36/turn               m - ring of willpower

@: lightly drained
A: large, unfitting armour, claws 3, regeneration 1, shaggy fur 1, tough skin 1
a: Renounce Religion, Stomp, Line Pass


You were on level 6 of the Dungeon.
You worshipped Uskayaw.
Uskayaw was noncommittal.
You visited 2 branches of the dungeon, and saw 7 of its levels.

You collected 246 gold pieces.

Inventory:

Missiles
 g - 48 stones (quivered)
Armour
 a - a +0 robe (worn)
 l - a +0 kite shield (worn)
Jewellery
 h - an amulet of magic regeneration (around neck)
 k - a ring of wizardry
 m - a ring of willpower (right claw)
 q - a ring of protection from cold
 r - a +4 ring of slaying (left claw)
Scrolls
 b - a scroll of teleportation {unknown}
 e - 6 scrolls of identify {unknown}
 j - 2 scrolls of noise {unknown}
 n - 2 scrolls of torment {unknown}
 o - a scroll of blinking {unknown}
 p - a scroll of fear {unknown}
 t - a scroll of magic mapping {unknown}
Potions
 c - a potion of might
 d - a potion of resistance {unknown}
 f - a potion of haste {unknown}
 i - a potion of berserk rage {unknown}
 s - a potion of degeneration {unknown}


   Skills:
 * Level 5.3 Fighting
 + Level 4.0 Dodging
 + Level 4.9 Shields
 * Level 5.8 Unarmed Combat
 * Level 2.3 Invocations


You had 7 spell levels left.
You didn't know any spells.
Your spell library contained the following spells:

 Spells                   Type           Power      Damage    Failure   Level
 Summon Small Mammal      Summ           0%         N/A       80%         1
 Call Canine Familiar     Summ           0%         N/A       99%         3
 Summon Guardian Golem    Hex/Summ       0%         N/A       99%         3
 Summon Forest            Summ/Tloc      0%         N/A       100%        5
 Eringya's Noxious Bog    Tmut/Pois      0%         N/A       100%        6
 Summon Hydra             Summ           0%         N/A       100%        7


Dungeon Overview and Level Annotations

Branches:
Dungeon (6/15)             Temple (1/1) D:5

Altars:
Ashenzari
Cheibriados
Dithmenos
Fedhas
Gozag
Hepliaklqana
Kikubaaqudgha
Makhleb
Nemelex Xobeh
Okawaru
Qazlal
Ru
Sif Muna
Uskayaw
Wu Jian
Xom
Yredelemnul
Zin


Innate Abilities, Weirdness & Mutations

You are too large for most types of armour.
You have claws for hands.
Your natural rate of healing is unusually fast.
You are covered in fur. (AC +1)
You have tough skin. (AC +1)


Message History

The skeletal warrior is no longer sharing its pain.
You block the orc priest's attack.
You scratch the orc priest but do no damage.
The orc priest is heavily wounded.
The phantom is no longer sharing its pain.
The orc wizard is no longer sharing its pain.
The skeletal warrior seems less confused.
The orc priest hits the phantom with a +2 mace of draining.
The orc priest hits itself with a +2 mace of draining.
The orc priest drains itself.
You barely miss the orc priest.
The orc priest is almost dead.
The orc priest seems less confused.
The orc wizard barely misses you. The orc hits you with a +0 club.
You scratch the orc priest but do no damage.
The orc priest is almost dead.
The orc wizard casts a spell at you. The magic dart hits you.
The orc priest invokes the aid of Beogh against you.
Beogh smites you!
You block the skeletal warrior's attack.
The orc closely misses you.
You scratch the orc priest.
The orc priest is almost dead.
The orc wizard barely misses you.
The orc priest hits you with a +2 mace of draining.
* * * LOW HITPOINT WARNING * * *
You feel drained.
* * * LOW HITPOINT WARNING * * *
The skeletal warrior hits you with a +2 vorpal hand axe!
* * * LOW HITPOINT WARNING * * *
x2 The orc hits you with a +0 club.
* * * LOW HITPOINT WARNING * * *
The phantom hits you.
* * * LOW HITPOINT WARNING * * *
You claw the orc priest!
You kill the orc priest!
The orc wizard barely misses you.
The skeletal warrior hits you with a +2 vorpal hand axe.
You die...

>........##.
.........#. .
............ ...
............ ....
.............#.....
..............#..>..
............W....[...
............o@.......
............)oz#.....
...............# .##
.........†..)..#
...........†...#
...................
.#####......###...
#.'............. #.#
#.#.....#.## ...


You could see a skeletal warrior, a phantom, an orc wizard and an orc.

Vanquished Creatures
  Pikel (D:4)
  A sky beast (D:6)
  A black bear (D:5)
  2 ogres
  A centaur (D:6)
  4 lemures (D:4)
  2 phantoms (D:5)
  2 scorpions
  A howler monkey (D:4)
  A hound (D:4)
  An orc priest (D:6)
  Jessica (D:2)
  An iguana (D:6)
  Natasha (thrice) (D:2)
  A killer bee zombie (D:5)
  A hound skeleton (D:5)
  3 gnolls (D:4)
  2 adders (D:4)
  An ufetubus (D:4)
  An adder skeleton (D:4)
  2 worms (D:4)
  A dart slug (D:2)
  4 orcs
  5 ball pythons
  5 bats
  6 endoplasms
  A giant cockroach (D:1)
  3 goblins
  6 hobgoblins
  A kobold (D:3)
  5 quokkas
  3 frilled lizards
  5 rats
78 creatures vanquished.

Vanquished Creatures (others)
  A plant (D:2)
1 creature vanquished.

Grand Total: 79 creatures vanquished

Notes
Turn   | Place    | Note
-------+----------+-------------------------------------------
     0 | D:1      | BR41ND34D the Troll Fighter began the quest for the Orb.
     0 | D:1      | Reached XP level 1. HP: 22/22 MP: 0/0
   116 | D:1      | Reached XP level 2. HP: 29/29 MP: 1/1
   362 | D:2      | Noticed Natasha
   379 | D:2      | Killed Natasha
   380 | D:2      | Reached XP level 3. HP: 25/36 MP: 2/2
   409 | D:2      | Noticed Natasha
   415 | D:2      | Killed Natasha
   416 | D:2      | Reached XP level 4. HP: 45/45 MP: 3/3
   447 | D:2      | Found a faded altar of an unknown god.
   474 | D:2      | Noticed Jessica
   482 | D:2      | Killed Jessica
   504 | D:2      | Noticed Natasha
   518 | D:2      | Killed Natasha
   916 | D:3      | Reached XP level 5. HP: 53/53 MP: 4/4
  1559 | D:4      | Noticed a lemure
  1559 | D:4      | Noticed a lemure
  1559 | D:4      | Noticed a lemure
  1560 | D:4      | Noticed Pikel
  1576 | D:4      | Noticed a lemure
  1997 | D:4      | Killed a lemure
  2006 | D:4      | Killed a lemure
  2027 | D:4      | Killed a lemure
  2029 | D:4      | Killed a lemure
  2060 | D:4      | Killed Pikel
  2061 | D:4      | Reached XP level 6. HP: 31/63 MP: 5/5
  2061 | D:4      | Reached XP level 7. HP: 35/71 MP: 6/6
  2522 | D:5      | Entered Level 5 of the Dungeon
  2571 | D:5      | Found a staircase to the Ecumenical Temple.
  2580 | Temple   | Entered the Ecumenical Temple
  2867 | Temple   | Became a worshipper of Uskayaw the Reveller
  2979 | D:5      | Reached * piety under Uskayaw
  2984 | D:5      | Reached skill level 5 in Unarmed Combat
  3014 | D:5      | Reached ** piety under Uskayaw
  3218 | D:5      | Reached skill level 1 in Invocations
  3218 | D:5      | Reached XP level 8. HP: 68/79 MP: 7/7
  3470 | D:6      | Reached skill level 5 in Fighting
  3505 | D:6      | Reached *** piety under Uskayaw
  3508 | D:6      | Noticed a skeletal warrior
  3514 | D:6      | Reached **** piety under Uskayaw
  3521 | D:6      | HP: 2/79 [phantom (6)]
  3522 | D:6      | Slain by a skeletal warrior

Illustrated notes

Levels and vault maps discovered:
D:1:      dpeg_arrival_tiny_a, layout_basic
D:2:      layout_basic, shapermc_ecumenical_altar_acropolis, uniq_natasha,
          uniq_jessica
D:3:      layout_basic, minmay_misc_feat_enclosed, minmay_strange_pillars,
          nrook_uturn
D:4:      layout_loops_ring, uniq_pikel
D:5:      layout_gridville, minmay_temple_entry_junction,
          kennysheep_decorative_pillar, minmay_holes
D:6:      layout_basic, st_stairs_5, uniq_menkaure
Temple:   dpeg_five_rooms_temple

Skill      XL: |  1  2  3  4  5  6  7  8 |
---------------+-------------------------+-----
Fighting       | 3 4 5 |  5.3
Shields        | 3 4 |  4.9
Unarmed Combat | 3 4 5 |  5.8
Dodging        | 3 4 |  4.0
Invocations    | 1 2 |  2.3

Action                   |  1- 3 |  4- 6 |  7- 9 || total
-------------------------+-------+-------+-------++-------
Melee: Unarmed           |    54 |   135 |    58 ||   247
Throw: Stone             |     2 |     1 |       ||     3
Invok: Line Pass         |       |       |     1 ||     1
 Stab: Paralysed         |       |       |     1 ||     1
Armor: Robe              |    20 |    26 |     7 ||    53
Dodge: Dodged            |    12 |    30 |    27 ||    69
Block: Kite shield       |    12 |    38 |    19 ||    69

Table legend: (Time is in decaauts)
 A = Elapsed time spent in this place.
 B = Non-inter-level travel time spent in this place.
 C = Inter-level travel time spent in this place.
 D = Time resting spent in this place.
 E = Time spent auto-exploring this place.
 F = Levels seen in this place.
 G = Mean time per level.
                   A        B        C        D        E       F      G
               +--------+--------+--------+--------+--------+-----+--------+
         Total |   3564 |   3345 |    219 |    127 |   2466 |   7 |  509.1 |
       Dungeon |   3222 |   3080 |    142 |    127 |   2218 |   6 |  537.0 |
        Temple |    341 |    264 |     77 |      0 |    248 |   1 |  341.0 |
               +--------+--------+--------+--------+--------+-----+--------+

Top non-repeatable levels by time:
     D:4: 926 daAuts
     D:3: 698 daAuts
     D:5: 603 daAuts
     D:2: 581 daAuts
     D:1: 356 daAuts
  Temple: 341 daAuts
     D:6: 56 daAuts
